[Event "2026 European Womens Championship"]
[Site "Batumi, GE"]
[Date "2026.06.05"]
[Round "11"]
[White "Khukhashvili, Sopiko"]
[Black "Rapport, Jovana"]
[Result "1-0"]
[Board "24"]
[TimeControl "5400+30"]
[WhiteFideId "13602055"]
[BlackFideId "937266"]
[WhiteElo "2329"]
[BlackElo "2235"]
[WhiteTitle "IM"]
[BlackTitle "WGM"]
[WhiteClock "0:11:01"]
[BlackClock "0:04:17"]
[Variant "Standard"]

1. e4 Nf6 2. e5 Nd5 3. d4 d6 4. Nf3 dxe5 5. Nxe5 c6 6. Bd3 g6 7. Qf3 Be6 8. h4 Nf6 9. c3 Nbd7 10. Qe2 Bg7 11. Bf4 Nd5 12. Bg3 Nxe5 13. Bxe5 Bxe5 14. Qxe5 Nf6 15. h5 Rg8 16. h6 Qd5 17. Qxd5 Nxd5 18. Nd2 Nf4 19. Bf1 Bf5 20. g3 Nd5 21. O-O-O O-O-O 22. Re1 g5 23. Bg2 e6 24. Nc4 f6 25. a3 Rge8 26. Bf3 Re7 27. Be4 Bxe4 28. Rxe4 Rg8 29. Nd2 Nc7 30. Re2 b6 31. Kc2 Rg6 32. a4 Rd7 33. a5 Kb7 34. axb6 axb6 35. b4 Rd8 36. Nc4 Rd7 37. Kb3 Rd8 38. Ra2 Nb5 39. Rha1 Rb8 40. Re2 f5 41. Rae1 Re8 42. Re5 Kc7 43. Rxf5 Nd6 44. Nxd6 Kxd6 45. Rf7 Re7 46. Rxe7 Kxe7 47. Ra1 Kd6 48. c4 Rxh6 49. c5+ bxc5 50. dxc5+ Ke5 51. Re1+ Kf5 52. b5 e5 53. Kc4 cxb5+ 54. Kd5 Ra6 55. Rxe5 Kg4 56. Re2 Kf3 57. Rc2 Ra8 58. c6 b4 59. c7 Rc8 60. Kc6 h5 61. Kb7 Rh8 62. Rb2 h4 63. gxh4 gxh4 64. c8=Q Rxc8 65. Kxc8 h3 66. Rb3+ 1-0

[Event "2026 European Womens Championship"]
[Site "Batumi, GE"]
[Date "2026.06.05"]
[Round "11"]
[White "Piddubna, Bozhena"]
[Black "Mammadova, Gulnar"]
[Result "1/2-1/2"]
[Board "25"]
[TimeControl "5400+30"]
[WhiteFideId "34109293"]
[BlackFideId "13403508"]
[WhiteElo "2235"]
[BlackElo "2325"]
[WhiteTitle "WIM"]
[BlackTitle "IM"]
[WhiteClock "0:00:34"]
[BlackClock "0:19:26"]
[Variant "Standard"]

1. d4 Nf6 2. c4 e6 3. Nf3 d5 4. g3 Bb4+ 5. Bd2 Be7 6. Bg2 c6 7. Qc2 Nbd7 8. O-O O-O 9. Rc1 a5 10. a3 b6 11. cxd5 cxd5 12. Bf4 Ba6 13. Nc3 Rc8 14. Qa4 Rc4 15. Qd1 Rc8 16. Bf1 Nh5 17. Bd2 Nhf6 18. Bg2 b5 19. Bf1 Nb6 20. b3 b4 21. axb4 Bxb4 22. e3 Bxf1 23. Qxf1 Qe7 24. Qa6 Nbd7 25. Na2 Ra8 26. Qc6 Ba3 27. Rcb1 Ne4 28. Be1 Rfc8 29. Qa4 Rcb8 30. Nc3 Nxc3 31. Bxc3 Bb4 32. Rc1 Bxc3 33. Rxc3 Nb6 34. Qa3 Qxa3 35. Rxa3 a4 36. bxa4 Rxa4 37. Rab3 Raa8 38. Ne5 Nc4 39. Rxb8+ Rxb8 40. Nxc4 Rc8 41. Kf1 dxc4 42. Ke2 Kf8 43. Kd2 Ke7 44. Ra3 g5 45. Ra5 h6 46. Rc5 Ra8 47. Rxc4 Ra1 48. Rc1 Ra2+ 49. Rc2 Ra1 50. Kd3 g4 51. Ke4 h5 52. Rc5 Ra2 53. Rxh5 Rxf2 54. Rh6 Kd6 55. Kd3 f5 56. Rh4 Kd5 57. h3 gxh3 58. Rxh3 Rg2 59. e4+ fxe4+ 60. Ke3 e5 61. dxe5 Kxe5 62. Rh5+ Kf6 63. Kf4 e3 64. Kf3 Rg1 65. Kxe3 1/2-1/2

[Event "2026 European Womens Championship"]
[Site "Batumi, GE"]
[Date "2026.06.05"]
[Round "11"]
[White "Avramidou, Anastasia"]
[Black "Hryzlova, Sofiia"]
[Result "1-0"]
[Board "26"]
[TimeControl "5400+30"]
[WhiteFideId "4239873"]
[BlackFideId "14174669"]
[WhiteElo "2320"]
[BlackElo "2226"]
[WhiteTitle "FM"]
[BlackTitle "WIM"]
[WhiteClock "0:08:09"]
[BlackClock "0:07:32"]
[Variant "Standard"]

1. c4 e5 2. g3 c6 3. Nf3 e4 4. Nd4 d5 5. cxd5 Qxd5 6. Nc2 Nf6 7. Nc3 Qe5 8. Bg2 Na6 9. Rb1 h5 10. h4 Nc7 11. b4 Bd6 12. Bb2 Qe7 13. Ba1 Bg4 14. b5 Bf3 15. Bxf3 exf3 16. bxc6 bxc6 17. e3 O-O 18. Qxf3 c5 19. O-O Qe6 20. Na3 Be7 21. Rb7 Na6 22. Nab5 Rad8 23. d4 Nb4 24. a3 Nc6 25. Rc7 Na5 26. Rxa7 Nb3 27. d5 Nxd5 28. Nxd5 Rxd5 29. Nc7 Qb6 30. Ra6 Qxc7 31. Qxd5 Nxa1 32. Rxa1 Qc8 33. Ra7 Rd8 34. Qb7 Qxb7 35. Rxb7 Bf6 36. Rc1 Rc8 37. Rc4 1-0

[Event "2026 European Womens Championship"]
[Site "Batumi, GE"]
[Date "2026.06.05"]
[Round "11"]
[White "Maltsevskaya, Aleksandra"]
[Black "Antova, Gabriela"]
[Result "1-0"]
[Board "27"]
[TimeControl "5400+30"]
[WhiteFideId "24174041"]
[BlackFideId "2915235"]
[WhiteElo "2390"]
[BlackElo "2203"]
[WhiteTitle "IM"]
[BlackTitle "WGM"]
[WhiteClock "0:28:30"]
[BlackClock "0:31:27"]
[Variant "Standard"]

1. c4 Nf6 2. Nf3 e6 3. g3 b6 4. Bg2 Bb7 5. O-O d5 6. cxd5 exd5 7. d4 Nbd7 8. Bf4 Be7 9. Nc3 O-O 10. Rc1 c5 11. Ne5 Nxe5 12. Bxe5 Ne4 13. Qc2 Nxc3 14. Qxc3 c4 15. e4 b5 16. exd5 Bxd5 17. Rfe1 Re8 18. Re2 Bf8 19. Rce1 b4 20. Qc2 Bxg2 21. Kxg2 Rc8 22. Qf5 Qd5+ 23. Qf3 Red8 24. Rc1 f6 25. Bf4 Qxd4 26. Rd2 Qc5 27. Be3 Qc7 28. Rxd8 Rxd8 29. Qe4 c3 30. bxc3 bxc3 31. Qa4 Rc8 32. Rc2 Qb7+ 33. f3 Qd5 34. Bxa7 Rc4 35. Qb3 Qd3 36. a4 h5 37. Bf2 Bb4 38. Rc1 Kh7 39. Rd1 Qe2 40. Re1 c2 41. Rxe2 c1=Q 42. Qd3+ Kg8 43. Re8+ Kf7 44. Qd7+ Kg6 45. Rg8 1-0

[Event "2026 European Womens Championship"]
[Site "Batumi, GE"]
[Date "2026.06.05"]
[Round "11"]
[White "Peycheva, Gergana"]
[Black "Hrebenshchykova, Yelyzaveta"]
[Result "1-0"]
[Board "28"]
[TimeControl "5400+30"]
[WhiteFideId "2916711"]
[BlackFideId "14159899"]
[WhiteElo "2186"]
[BlackElo "2309"]
[WhiteTitle "FM"]
[BlackTitle "WGM"]
[WhiteClock "0:01:11"]
[BlackClock "0:00:33"]
[Variant "Standard"]

1. g3 g6 2. Bg2 Bg7 3. e4 c5 4. Ne2 Nc6 5. c3 e5 6. f4 d6 7. O-O Nge7 8. d3 O-O 9. Be3 f5 10. Nd2 b6 11. Nf3 Kh8 12. Qd2 Ba6 13. Rad1 Qd7 14. Rfe1 Rad8 15. exf5 gxf5 16. Ng5 Rde8 17. Qc2 Bb7 18. Bf2 h6 19. Nh3 Nd8 20. Bxb7 Qxb7 21. d4 cxd4 22. fxe5 dxe5 23. cxd4 Ndc6 24. Qb3 f4 25. gxf4 Nxd4 26. Nxd4 exd4 27. Qd3 Rd8 28. Bh4 Bf6 29. Re6 Rg8+ 30. Bg3 Rdf8 31. f5 Qd5 32. Rf1 Rf7 33. b3 Kh7 34. Re4 Kh8 35. Re6 Kh7 36. Re4 Nc6 37. Nf4 Qxf5 38. Nd5 Ne5 39. Nxf6+ Rxf6 40. Rxf5 Nxd3 41. Rxf6 1-0

[Event "2026 European Womens Championship"]
[Site "Batumi, GE"]
[Date "2026.06.05"]
[Round "11"]
[White "Abdinova, Narmin"]
[Black "Pogorelskikh, Sofia"]
[Result "1/2-1/2"]
[Board "29"]
[TimeControl "5400+30"]
[WhiteFideId "13425340"]
[BlackFideId "44164548"]
[WhiteElo "2165"]
[BlackElo "2284"]
[WhiteTitle "WIM"]
[BlackTitle "WGM"]
[WhiteClock "0:00:34"]
[BlackClock "0:03:02"]
[Variant "Standard"]

1. c4 e5 2. g3 Nf6 3. Bg2 d5 4. cxd5 Nxd5 5. Nf3 Nc6 6. O-O Nb6 7. b3 Be6 8. Bb2 f6 9. Nc3 Qd7 10. Qc1 O-O-O 11. Rd1 Be7 12. d4 Nxd4 13. Nxd4 exd4 14. Ne4 Qb5 15. Bxd4 Qxe2 16. Re1 Qh5 17. Bc5 Bxc5 18. Nxc5 Bd5 19. Re7 Na8 20. Ne6 Bxe6 21. Rxe6 Rhe8 22. Qe3 Rd1+ 23. Rxd1 Qxd1+ 24. Bf1 Rd8 25. Re8 Nb6 26. Qe6+ Kb8 27. Qe7 Rxe8 28. Qxe8+ Nc8 29. Qg8 Qd7 30. Bc4 c5 31. Be6 Qc6 32. h4 h5 33. a4 b6 34. Bc4 Qd7 35. Bb5 Qc7 36. Be2 Qe5 37. Bf3 Qf5 38. Bd5 Qd7 39. Be6 Qc6 40. Bc4 Qd7 41. Bb5 Qe7 42. Ba6 Qd7 43. Kg2 Qc6+ 44. f3 Qd7 45. Bxc8 Qxc8 46. Qxg7 Qd8 47. g4 hxg4 48. Qxg4 Qd2+ 49. Kh3 Qd1 50. Qf4+ Kc8 51. h5 Qxb3 52. h6 Qd3 53. Qg4+ Kd8 54. Kg3 Qe3 55. Qg8+ Ke7 56. h7 Qg1+ 57. Kf4 Qh2+ 58. Ke3 Qe5+ 59. Kf2 Qh2+ 60. Kf1 Qh1+ 61. Ke2 Qh2+ 62. Kd3 Qd6+ 63. Kc2 Qh2+ 64. Kb1 Qh1+ 65. Kb2 Qh2+ 66. Ka3 Qf4 67. Qg7+ Kd6 68. Qf8+ Kd7 69. Qf7+ Kd6 70. Qf8+ Kd7 71. Qg7+ Kd6 72. Qf8+ 1/2-1/2

[Event "2026 European Womens Championship"]
[Site "Batumi, GE"]
[Date "2026.06.05"]
[Round "11"]
[White "Mirzoeva, Elmira"]
[Black "Khachatryan, Anna"]
[Result "0-1"]
[Board "30"]
[TimeControl "5400+30"]
[WhiteFideId "4127951"]
[BlackFideId "13310780"]
[WhiteElo "2265"]
[BlackElo "2154"]
[WhiteTitle "WGM"]
[BlackTitle "WFM"]
[WhiteClock "0:31:52"]
[BlackClock "0:30:07"]
[Variant "Standard"]

1. Nf3 c5 2. b3 d5 3. e3 Nf6 4. Bb2 g6 5. c4 Bg7 6. cxd5 Qxd5 7. Nc3 Qd8 8. d4 cxd4 9. Nxd4 O-O 10. Be2 Bd7 11. Bf3 Qb6 12. O-O e5 13. Nc2 Rd8 14. Qe1 Na6 15. Na3 Rac8 16. Qe2 Nc5 17. Nc4 Qe6 18. e4 b5 19. Nd2 Bc6 20. Ba3 Nd3 21. Nd5 Nxd5 22. Qxd3 Nf4 23. Qe3 Bh6 24. Kh1 Rd3 25. Qe1 Rcd8 26. Rd1 Nxg2 27. Bxg2 Bxd2 28. Qe2 Qd7 29. Bc1 b4 30. Bxd2 Rxd2 31. Rxd2 Qxd2 32. Qa6 Qc2 33. Qa5 Rd1 34. Qxb4 Rxf1+ 35. Bxf1 Qxf2 36. Qb8+ Kg7 37. Qxe5+ Kh6 38. Bd3 Qf3+ 39. Kg1 Qe3+ 40. Kg2 Qd2+ 41. Kg1 Qe3+ 42. Kg2 Qxd3 43. Qf4+ Kg7 44. Qe5+ Kh6 45. Qf4+ Kh5 46. Qe5+ f5 47. Qc7 Bxe4+ 48. Kf2 Qd2+ 49. Kf1 Bd3+ 0-1

[Event "2026 European Womens Championship"]
[Site "Batumi, GE"]
[Date "2026.06.05"]
[Round "11"]
[White "Huseynova, Lala"]
[Black "Radeva, Viktoria"]
[Result "1-0"]
[Board "31"]
[TimeControl "5400+30"]
[WhiteFideId "13431781"]
[BlackFideId "2915405"]
[WhiteElo "2149"]
[BlackElo "2242"]
[WhiteTitle "WFM"]
[BlackTitle "WGM"]
[WhiteClock "0:08:21"]
[BlackClock "0:11:22"]
[Variant "Standard"]

1. e4 c5 2. Nf3 Nc6 3. Bb5 e6 4. O-O Nd4 5. Nxd4 cxd4 6. Re1 Bc5 7. a4 a6 8. Bf1 Ne7 9. c3 O-O 10. b4 Ba7 11. Bb2 d5 12. Na3 Bd7 13. b5 dxe4 14. Rxe4 dxc3 15. dxc3 axb5 16. axb5 Bc5 17. c4 f6 18. Nc2 Rxa1 19. Nxa1 Qc7 20. Nb3 Bd6 21. b6 Qb8 22. Ba3 Bxh2+ 23. Kh1 Bc6 24. Rh4 Rd8 25. Qe2 Bd6 26. Qxe6+ Kh8 27. Bd3 f5 28. Bxf5 Nxf5 29. Qxf5 h6 30. Bb2 Rf8 31. Rxh6+ Kg8 32. Qh7+ Kf7 33. Qxg7+ Ke8 34. Qg6+ Kd7 35. Qe6+ 1-0

[Event "2026 European Womens Championship"]
[Site "Batumi, GE"]
[Date "2026.06.05"]
[Round "11"]
[White "Purtseladze, Maka"]
[Black "Mgeladze, Kesaria"]
[Result "1/2-1/2"]
[Board "32"]
[TimeControl "5400+30"]
[WhiteFideId "13602659"]
[BlackFideId "13621130"]
[WhiteElo "2237"]
[BlackElo "2147"]
[WhiteTitle "IM"]
[BlackTitle "WIM"]
[WhiteClock "0:08:39"]
[BlackClock "0:07:57"]
[Variant "Standard"]

1. d4 Nf6 2. Nf3 e6 3. e3 d5 4. Nbd2 c5 5. b3 Nc6 6. Bb2 cxd4 7. exd4 Bd6 8. a3 O-O 9. Bd3 Nh5 10. g3 f5 11. Ne5 Nf6 12. c4 dxc4 13. Ndxc4 Bc7 14. Be2 Ne7 15. Bf3 Ned5 16. O-O b5 17. Ne3 Bb7 18. Rc1 Nxe3 19. fxe3 Bxf3 20. Qxf3 Bxe5 21. dxe5 Ne4 22. Rfd1 Qe7 23. Qe2 a6 24. Rc6 Rfd8 25. b4 Rxd1+ 26. Qxd1 Qb7 27. Qc2 h5 28. Bd4 Kh7 29. Rxe6 Rc8 30. Re7 Rxc2 31. Rxb7 Ng5 32. h4 Nf3+ 33. Kf1 Rd2 34. e6 Nh2+ 35. Ke1 Nf3+ 36. Kf1 Nh2+ 1/2-1/2

[Event "2026 European Womens Championship"]
[Site "Batumi, GE"]
[Date "2026.06.05"]
[Round "11"]
[White "Dwilewicz, Katarzyna"]
[Black "Charkhalashvili, Inga"]
[Result "1/2-1/2"]
[Board "33"]
[TimeControl "5400+30"]
[WhiteFideId "1148486"]
[BlackFideId "13601431"]
[WhiteElo "2131"]
[BlackElo "2235"]
[WhiteTitle "WIM"]
[BlackTitle "WGM"]
[WhiteClock "0:07:32"]
[BlackClock "0:29:37"]
[Variant "Standard"]

1. e4 c6 2. d4 d5 3. e5 Bf5 4. Ne2 e6 5. Ng3 Bg6 6. h4 h5 7. c4 Be7 8. Nc3 Nd7 9. cxd5 cxd5 10. Be3 a6 11. Be2 Bxh4 12. Nxh5 Bxh5 13. Bxh5 Nh6 14. Bxh6 Rxh6 15. Qg4 Bxf2+ 16. Kxf2 g6 17. Bxg6 Rxg6 18. Rh8+ Nf8 19. Qf4 Qb6 20. Rah1 Qxb2+ 21. Ne2 Rc8 22. Rxf8+ Kxf8 23. Rh8+ Rg8 24. Qh6+ Ke7 25. Qf6+ Kf8 26. Qh6+ Ke7 27. Qf6+ Kf8 28. Qh6+ Ke7 1/2-1/2

[Event "2026 European Womens Championship"]
[Site "Batumi, GE"]
[Date "2026.06.05"]
[Round "11"]
[White "Ivekovic, Tihana"]
[Black "Orian, Noga"]
[Result "0-1"]
[Board "34"]
[TimeControl "5400+30"]
[WhiteFideId "14517825"]
[BlackFideId "2836475"]
[WhiteElo "2119"]
[BlackElo "2231"]
[WhiteTitle "WFM"]
[BlackTitle "WIM"]
[WhiteClock "0:31:41"]
[BlackClock "0:13:38"]
[Variant "Standard"]

1. e4 c5 2. Nf3 d6 3. d4 cxd4 4. Nxd4 Nf6 5. Nc3 a6 6. a4 e5 7. Nf3 h6 8. Nd2 d5 9. exd5 Nxd5 10. Nxd5 Qxd5 11. Nc4 Qxd1+ 12. Kxd1 Nc6 13. Be3 Bf5 14. Bd3 Rd8 15. Bb6 Bxd3 16. cxd3 Rxd3+ 17. Ke2 Rd7 18. Rad1 Be7 19. Kf3 g6 20. g3 f6 21. Be3 h5 22. Nb6 Rd8 23. h3 Kf7 24. Nd5 Rhe8 25. g4 Nd4+ 26. Bxd4 Rxd5 27. Bb6 hxg4+ 28. hxg4 Rxd1 29. Rxd1 Ke6 30. Rc1 Bd6 31. Rh1 Rc8 32. Rh7 Be7 33. a5 Rc2 34. b4 Rb2 35. Rg7 Bxb4 36. Rxb7 Bxa5 0-1

[Event "2026 European Womens Championship"]
[Site "Batumi, GE"]
[Date "2026.06.05"]
[Round "11"]
[White "Kubicka, Anna"]
[Black "Poliakova, Varvara"]
[Result "1-0"]
[Board "35"]
[TimeControl "5400+30"]
[WhiteFideId "1152254"]
[BlackFideId "13518313"]
[WhiteElo "2226"]
[BlackElo "2108"]
[WhiteTitle "WIM"]
[BlackTitle "WFM"]
[WhiteClock "0:06:35"]
[BlackClock "0:29:37"]
[Variant "Standard"]

1. e4 c5 2. Nf3 d6 3. d4 cxd4 4. Nxd4 Nf6 5. Nc3 a6 6. h3 e5 7. Nb3 Be7 8. g4 h6 9. Be3 b5 10. Nd5 Bb7 11. Bb6 Qc8 12. Nc7+ Kf8 13. Nxa8 Nbd7 14. Be3 Qxa8 15. f3 Bxe4 16. Bg2 Bd5 17. Qe2 g6 18. O-O-O Kg7 19. Kb1 a5 20. Qxb5 a4 21. Nc1 Rb8 22. Qe2 Qb7 23. b3 Bc6 24. Qd2 d5 25. Bxh6+ Kh7 26. h4 d4 27. h5 gxh5 28. g5 Nd5 29. Rxh5 Kg8 30. Rdh1 Nf4 31. g6 Nxh5 32. gxf7+ Kxf7 33. Rxh5 Rg8 34. Bg5 Rg7 35. Bxe7 Kxe7 36. Rg5 Rxg5 37. Qxg5+ Kd6 38. Bh3 axb3 39. axb3 Bxf3 40. Bxd7 Kxd7 41. Nd3 Qd5 42. Nxe5+ Ke6 43. Nxf3 Qxf3 44. Qg8+ Kd6 45. Qd8+ Kc5 46. Qc7+ Kb5 47. Qc4+ Ka5 48. Qa4+ Kb6 49. Qxd4+ Ka5 50. Qd8+ Kb4 51. Qb6+ Kc3 52. Qc5+ Kd2 53. Qd4+ Ke1 54. Kb2 Qb7 55. b4 Qb8 56. Qc5 Kd2 57. Qf2 Kd1 58. Qf1+ Kd2 59. Qd3 Ke1 60. b5 Qb6 61. Qc4 Kd1 62. Qd5+ Ke2 63. Qe4 Kd2 64. Qg2 Kd1 65. Qc6 Qd4+ 66. Qc3 Qb6 67. Qd3+ Ke1 68. Kb3 Qe6+ 69. Qc4 Qh6 70. Qc6 Qe3+ 71. Qc3+ Kd1 72. Qd3+ 1-0

[Event "2026 European Womens Championship"]
[Site "Batumi, GE"]
[Date "2026.06.05"]
[Round "11"]
[White "Deak-Sala, Emilia"]
[Black "Mamedjarova, Turkan"]
[Result "1/2-1/2"]
[Board "36"]
[TimeControl "5400+30"]
[WhiteFideId "795615"]
[BlackFideId "13402005"]
[WhiteElo "2086"]
[BlackElo "2222"]
[WhiteTitle "WFM"]
[BlackTitle "WGM"]
[WhiteClock "0:02:35"]
[BlackClock "0:12:45"]
[Variant "Standard"]

1. Nf3 Nf6 2. g3 e6 3. Bg2 d5 4. d3 Be7 5. O-O O-O 6. Nbd2 b6 7. e4 c5 8. e5 Nfd7 9. Re1 Bb7 10. h4 Nc6 11. Nf1 Re8 12. h5 Nf8 13. h6 g6 14. N1h2 b5 15. Ng4 Rc8 16. Bf4 b4 17. Qd2 c4 18. Bg5 c3 19. bxc3 bxc3 20. Qf4 Nd7 21. Bh3 d4 22. Rab1 Ba8 23. Bxe7 Qxe7 24. Nxd4 Nxd4 25. Qxd4 Red8 26. Qxa7 Qg5 27. Qe3 Qh5 28. Kh2 Rc5 29. f3 Ra5 30. Re2 Rxa2 31. Qd4 Bd5 32. Qf4 Rda8 33. Kg2 Rb2 34. Rc1 Rba2 35. Rh1 Ra1 36. Rxa1 Rxa1 37. Nf6+ Nxf6 38. exf6 Rb1 39. Rf2 g5 40. Qc7 Qxh6 41. Qc8+ Qf8 42. Qxc3 Qb8 43. Qc5 h6 44. c4 Ba8 45. Qd4 Bc6 46. Kh2 Kh7 47. Qc5 Qa8 48. Bxe6 Qa1 49. Bf5+ Kg8 50. Bh7+ Kxh7 51. Qf5+ Kh8 52. Qc8+ Kh7 1/2-1/2

[Event "2026 European Womens Championship"]
[Site "Batumi, GE"]
[Date "2026.06.05"]
[Round "11"]
[White "Golsta, Madara"]
[Black "Tirpan, Ceren"]
[Result "0-1"]
[Board "37"]
[TimeControl "5400+30"]
[WhiteFideId "11607386"]
[BlackFideId "26385309"]
[WhiteElo "2023"]
[BlackElo "2209"]
[BlackTitle "WFM"]
[WhiteClock "0:07:35"]
[BlackClock "0:23:47"]
[Variant "Standard"]

1. e4 c5 2. Nf3 a6 3. c4 Nc6 4. d4 cxd4 5. Nxd4 e5 6. Nxc6 bxc6 7. Be2 Rb8 8. O-O Bc5 9. Nd2 Nf6 10. Nb3 Be7 11. Bd2 Qc7 12. Ba5 Qa7 13. Rc1 Nxe4 14. Qd3 Nc5 15. Qe3 O-O 16. Rc2 Rb7 17. Qxe5 Nxb3 18. axb3 Qc5 19. Qxc5 Bxc5 20. Rc3 Bd4 21. Rd3 Bxb2 22. b4 Be5 23. c5 Bc7 24. Bxc7 Rxc7 25. Rd4 Re8 26. Bd3 Ra7 27. Ra1 g6 28. f4 Kg7 29. f5 gxf5 30. Rh4 Re5 31. g4 d6 32. cxd6 fxg4 33. Rxh7+ Kg8 34. Rh6 Rd5 35. Be4 Rd4 36. Bxc6 Kg7 37. Rh5 Rxd6 38. b5 Rc7 39. Rg5+ Kh6 40. Re5 axb5 41. Bxb5 Rc2 42. Be2 Rdd2 43. Kf1 f5 44. Re8 Bd7 45. Re7 Rxe2 46. Rxd7 Rf2+ 47. Kg1 Rg2+ 48. Kf1 Rcf2+ 49. Ke1 Rxh2 50. Ra6+ Kg5 51. Rg7+ Kf4 52. Rb7 Kg3 53. Rb3+ Kg2 0-1

[Event "2026 European Womens Championship"]
[Site "Batumi, GE"]
[Date "2026.06.05"]
[Round "11"]
[White "Rudzinska, Michalina"]
[Black "Venskaya, Nika"]
[Result "0-1"]
[Board "38"]
[TimeControl "5400+30"]
[WhiteFideId "1172883"]
[BlackFideId "13523503"]
[WhiteElo "2200"]
[BlackElo "1937"]
[WhiteTitle "WGM"]
[BlackTitle "WCM"]
[WhiteClock "0:00:37"]
[BlackClock "0:22:32"]
[Variant "Standard"]

1. e4 c5 2. Nf3 d6 3. d4 cxd4 4. Nxd4 Nf6 5. Nc3 g6 6. Be3 Bg7 7. f3 O-O 8. Qd2 Nc6 9. O-O-O d5 10. Nxc6 bxc6 11. Bc4 e6 12. Bb3 Qc7 13. h4 dxe4 14. Bh6 Bxh6 15. Qxh6 exf3 16. gxf3 Nh5 17. Ne4 Qf4+ 18. Qxf4 Nxf4 19. Nc5 Kg7 20. Rd6 a5 21. Rhd1 e5 22. Rxc6 Ne2+ 23. Kb1 Nd4 24. Rc7 Nb5 25. Re7 Kf6 26. Red7 Nd4 27. Bd5 Rb8 28. c3 Ne2 29. Kc2 Nf4 30. Ra7 Ng2 31. Kc1 Bf5 32. Be4 Nxh4 33. Rxa5 Bxe4 34. fxe4 Ra8 35. Nd7+ Kg7 36. Rxe5 Nf3 37. Red5 Rfe8 38. R1d3 Nh4 39. Nc5 Rxa2 40. Rd7 Ra1+ 41. Kd2 h5 42. c4 g5 43. Nb7 g4 44. Nd6 Rf8 45. c5 Nf3+ 46. Rxf3 gxf3 47. Ke3 Rb1 48. Rb7 Kg6 49. Kxf3 h4 50. Kg4 h3 51. Nf5 h2 52. Rb6+ f6 53. Rb7 Rg8 54. Ne7+ Kh7+ 55. Nxg8+ Kxg8 56. Rb8+ Kg7 0-1

[Event "2026 European Womens Championship"]
[Site "Batumi, GE"]
[Date "2026.06.05"]
[Round "11"]
[White "Rakhmangulova, Anastasiya"]
[Black "Dimitrijevic, Aleksandra"]
[Result "1-0"]
[Board "39"]
[TimeControl "5400+30"]
[WhiteFideId "14117479"]
[BlackFideId "929239"]
[WhiteElo "2328"]
[BlackElo "2059"]
[WhiteTitle "WGM"]
[BlackTitle "WGM"]
[WhiteClock "0:44:57"]
[BlackClock "0:24:35"]
[Variant "Standard"]
[Termination "forfeit"]

1. e4 c5 2. Nf3 e6 3. d4 cxd4 4. Nxd4 Nc6 5. Nc3 d6 6. Be3 Nge7 7. Nb3 a6 8. a4 b6 9. Be2 Bb7 10. O-O Ng6 11. f4 Be7 12. Qe1 Nb4 13. Rc1 Qc7 14. Qf2 Bd8 15. f5 exf5 16. exf5 Ne5 17. Qg3 Bf6 18. Nd2 d5 19. Rf4 Qd6 20. Qf2 Nd7 21. Rd1 Nxc2 22. Nde4 Qe5 23. Nxf6+ gxf6 24. Bc1 d4 25. Bf3 O-O-O 26. Qxc2 dxc3 27. b4 b5 28. axb5 axb5 29. Rfd4 Bxf3 30. Bf4 Bxd1 31. Qxc3+ Kb7 32. Bxe5 Nxe5 33. h3 Ba4 34. Qc5 Rxd4 35. Qxd4 Kc7 36. Qh4 Nd7 37. Qg3+ Kc6 38. Qg7 Rf8 39. Qxh7 Bb3 40. h4 Bd5 41. h5 Ra8 42. h6 Nf8 43. Qg7 Kd7 44. Qxf6 Rd8 45. Qd4 Kc7 46. Qa7+ Bb7 47. Qa5+ Kc8 48. Qxb5 Nh7 49. Qc4+ Kb8 50. Qxf7 Ng5 51. Qe7 Rd1+ 52. Kh2 1-0

[Event "2026 European Womens Championship"]
[Site "Batumi, GE"]
[Date "2026.06.05"]
[Round "11"]
[White "Starosta, Martyna"]
[Black "Velikic, Adela"]
[Result "1/2-1/2"]
[Board "40"]
[TimeControl "5400+30"]
[WhiteFideId "21818754"]
[BlackFideId "913553"]
[WhiteElo "2175"]
[BlackElo "2277"]
[WhiteTitle "WIM"]
[BlackTitle "WIM"]
[WhiteClock "0:04:18"]
[BlackClock "0:01:02"]
[Variant "Standard"]

1. e4 c5 2. Nf3 e6 3. d4 cxd4 4. Nxd4 Nc6 5. Nc3 a6 6. Nxc6 bxc6 7. Bd3 d5 8. O-O Nf6 9. Qe2 Be7 10. b3 O-O 11. Bb2 c5 12. Rad1 Bb7 13. Na4 Qc7 14. exd5 exd5 15. Be5 Qc6 16. Qf3 c4 17. Bf5 g6 18. Rfe1 Ne4 19. Bxe4 dxe4 20. Qe3 Rad8 21. Bd4 cxb3 22. axb3 Qxc2 23. Nc3 Bb4 24. Rd2 Qxb3 25. Rb1 Qc4 26. Bf6 Bxc3 27. Rxd8 Bxf6 28. Rxf8+ Kxf8 29. Rxb7 Kg7 30. g3 a5 31. Qb3 Qxb3 32. Rxb3 Be7 33. Rb7 Bc5 34. Rc7 Bb4 35. g4 h6 36. Kf1 Bd6 37. Rc4 f5 38. gxf5 gxf5 39. Rc6 Bxh2 40. Ra6 Bf4 41. Rxa5 Kg6 42. Ra8 Kh5 43. Kg2 Kg4 44. Ra3 Kh4 45. Ra4 Kg5 46. Ra8 Bd2 47. Rd8 Bc3 48. Rc8 Bf6 49. Rc4 h5 50. Ra4 h4 51. Rb4 Kf4 52. Rb3 Bd4 53. Ra3 Kg5 54. Rb3 Bc5 55. Rc3 Bb4 56. Rb3 Bd2 57. Rb8 Kg4 58. Rb3 Kf4 59. Rh3 Kg5 60. Ra3 f4 61. Rb3 Be1 62. Ra3 Kf5 63. Rb3 Bd2 64. Ra3 Bb4 65. Rb3 Bd6 66. f3 e3 67. Rb5+ Be5 68. Rb4 Ke6 69. Re4 Kf5 70. Kh3 Bf6 71. Kg2 Bd8 72. Kh3 Bf6 73. Kg2 Bc3 74. Kh3 Be1 75. Kg2 Bc3 76. Kh3 Bf6 1/2-1/2

[Event "2026 European Womens Championship"]
[Site "Batumi, GE"]
[Date "2026.06.05"]
[Round "11"]
[White "Berke, Ana"]
[Black "Urh, Zala"]
[Result "0-1"]
[Board "41"]
[TimeControl "5400+30"]
[WhiteFideId "14510359"]
[BlackFideId "14611481"]
[WhiteElo "2164"]
[BlackElo "2263"]
[WhiteTitle "WIM"]
[BlackTitle "WIM"]
[WhiteClock "0:09:29"]
[BlackClock "0:07:18"]
[Variant "Standard"]

1. d4 Nf6 2. Nc3 d5 3. Bg5 Nbd7 4. f3 c6 5. e4 dxe4 6. Qd2 exf3 7. Nxf3 h6 8. Be3 Nb6 9. Bd3 g6 10. Ne5 Bf5 11. O-O-O e6 12. h3 Nfd5 13. g4 Bxd3 14. Qxd3 Nxc3 15. Qxc3 Nd5 16. Qd3 Nxe3 17. Qxe3 Qg5 18. Qxg5 hxg5 19. Rdf1 Rh7 20. Rf3 Be7 21. Rhf1 f6 22. Nxg6 Bd8 23. h4 gxh4 24. Nf4 Kd7 25. Re3 Be7 26. Nxe6 Rg8 27. Nc5+ Bxc5 28. dxc5 Rxg4 29. Rd1+ Kc7 30. Rde1 h3 31. Re7+ Rxe7 32. Rxe7+ Kc8 33. Rh7 Rg1+ 34. Kd2 Rh1 35. Rh8+ Kd7 36. Rh7+ Kd8 37. Rxb7 h2 38. Rh7 a5 39. a4 f5 40. b4 axb4 41. a5 Kc8 42. a6 Kb8 43. Kd3 0-1

[Event "2026 European Womens Championship"]
[Site "Batumi, GE"]
[Date "2026.06.05"]
[Round "11"]
[White "Tsetskhladze, Mariam"]
[Black "Odisharia, Teona"]
[Result "1-0"]
[Board "42"]
[TimeControl "5400+30"]
[WhiteFideId "13623834"]
[BlackFideId "13602322"]
[WhiteElo "2234"]
[BlackElo "2167"]
[WhiteTitle "WFM"]
[BlackTitle "WFM"]
[WhiteClock "0:00:40"]
[BlackClock "0:00:39"]
[Variant "Standard"]

1. e4 c5 2. Nf3 d6 3. d4 cxd4 4. Qxd4 Nc6 5. Bb5 Bd7 6. Qd3 g6 7. c4 Bg7 8. Nc3 Nf6 9. O-O O-O 10. h3 Rc8 11. Be3 a6 12. Bxc6 Bxc6 13. Rfd1 Nd7 14. Rac1 Qa5 15. Qb1 Ne5 16. Nxe5 Qxe5 17. Bd4 Qg5 18. Bxg7 Kxg7 19. Nd5 e6 20. Nb4 f5 21. Nxc6 Rxc6 22. exf5 Rxf5 23. Qe4 Qf6 24. Qe2 Re5 25. Qd2 Re4 26. Qb4 b5 27. Rxd6 Re2 28. Rf1 Rxc4 29. Rd7+ Kh6 30. Qa3 Rcc2 31. Qg3 Rxb2 32. Qc7 Rbc2 33. Rxh7+ Kg5 34. Qg3+ Kf5 35. Rh4 Qg5 36. Rg4 Qd2 37. h4 Rc1 38. Rg5+ 1-0

[Event "2026 European Womens Championship"]
[Site "Batumi, GE"]
[Date "2026.06.05"]
[Round "11"]
[White "Skvortsova, Alena"]
[Black "Bashylina, Luisa"]
[Result "1/2-1/2"]
[Board "43"]
[TimeControl "5400+30"]
[WhiteFideId "24166251"]
[BlackFideId "12983292"]
[WhiteElo "2135"]
[BlackElo "2208"]
[WhiteTitle "WFM"]
[BlackTitle "WFM"]
[WhiteClock "0:08:00"]
[BlackClock "0:09:52"]
[Variant "Standard"]

1. e4 c5 2. d4 cxd4 3. Qxd4 Nc6 4. Qd3 d6 5. Nf3 g6 6. Nc3 Bg7 7. Be2 Nf6 8. Nd5 Nd7 9. c3 Nc5 10. Qc2 O-O 11. Bg5 f5 12. exf5 Bxf5 13. Qd1 Qd7 14. O-O Ne4 15. Bh4 Kh8 16. Ne3 Be6 17. Qc2 Nf6 18. Rfd1 Ng4 19. Bg5 Rac8 20. Qa4 Nxe3 21. Bxe3 Bg4 22. h3 Bxf3 23. Bxf3 Qc7 24. Bd5 a6 25. h4 Ne5 26. h5 gxh5 27. Qh4 Ng4 28. Qxh5 Nf6 29. Qh3 Nxd5 30. Rxd5 Qc4 31. Rad1 Qe4 32. Rg5 Bf6 33. Rg4 Qc2 34. Rd2 Qb1+ 35. Kh2 Rg8 1/2-1/2